 Dungeon Crawl Stone Soup version 0.16.1-28-gcc2312f (webtiles) character file.

60 sqallbeste the Cutter (level 4, 0/30 HPs)
             Began as a Halfling Fighter on May 31, 2015.
             Was an Initiate of Trog.
             Succumbed to an adder's poison
             ... on level 2 of the Dungeon.
             The game lasted 00:06:52 (1662 turns).

sqallbeste the Cutter (Halfling Fighter)            Turns: 1662, Time: 00:06:52

Health: 0/30       AC:  6    Str: 16    XL:     4   Next: 25%
Magic:  4/4        EV: 11    Int:  7    God:    Trog [......]
Gold:   66         SH:  6    Dex: 14    Spells: 0 memorised, 3 levels left

rFire  . . .     SeeInvis .     a - +0 rapier
rCold  + . .     Clarity  .     b - +0 scale mail
rNeg   . . .     SustAb   .     c - +1 buckler
rPois  .         Gourm    .     (no helmet)
rElec  .         Spirit   .     (no cloak)
rCorr  .         Warding  .     (no gloves)
rMut   .         Stasis   .     (no boots)
MR     .....                    (no amulet)
Stlth  ..........               (no ring)
                                g - ring of protection from cold

@: lethally poisoned (0 -> -18), not resistant to hostile enchantments,
extremely unstealthy
A: mutation resistance 1
a: Burn Spellbooks, Renounce Religion


You were on level 2 of the Dungeon.
You worshipped Trog.
Trog was noncommittal.
You were not hungry.

You visited 1 branch of the dungeon, and saw 2 of its levels.

You collected 66 gold pieces.

Inventory:

Hand weapons
 a - a +0 rapier (weapon)
Armour
 b - a +0 scale mail (worn)
 c - a +1 buckler (worn)
Jewellery
 g - a ring of protection from cold (left hand)
Scrolls
 f - 2 scrolls of remove curse
 h - a scroll of recharging
Potions
 e - a potion of might
 i - a potion of restore abilities
Comestibles
 d - a bread ration
 j - a chunk of flesh


   Skills:
 - Level 2.6 Fighting
 + Level 5.3 Short Blades
 - Level 3.2 Armour
 - Level 1.0 Dodging
 - Level 3.2 Shields


You had 3 spell levels left.
You didn't know any spells.

Dungeon Overview and Level Annotations

Branches:
Dungeon (2/15)

Altars:
Trog


Innate Abilities, Weirdness & Mutations

You are small and have problems with some larger weapons.
You are somewhat resistant to further mutation.


Message History

* * * LOW HITPOINT WARNING * * *
You feel sick. You block the adder's attack. You block the adder's attack.
You barely miss the adder.
The adder is lightly wounded.
* * * LOW HITPOINT WARNING * * *
You feel sick. The adder closely misses you.
You hit the adder.
The adder is heavily wounded.
* * * LOW HITPOINT WARNING * * *
You feel sick. The adder barely misses you.
You hit the adder but do no damage.
The adder is heavily wounded.
* * * LOW HITPOINT WARNING * * *
You feel sick. The adder bites you.
* * * LOW HITPOINT WARNING * * *
You are more poisoned.
The adder poisons you!
You completely miss the adder.
The adder is heavily wounded.
You die...

##.######.##........#
#.#..#..# #.##........#
#.#...... #.##........#
#.#...... #.()........#
#.##..##. ########).......#
#........ #...............#
####..##.
#.#######.......######..##.
#.# #.[.............### #.#
#.@S............... #.#
####.##........#### #.#
#.##........#... #.#
#)##........#.#. #.#
#.##........#... #.#
#.#########.#### . ..#
#..... ...#################
#.................


You could see an adder.

Vanquished Creatures
  An adder (D:2)
  2 oozes
  A ball python (D:1)
  3 giant cockroaches
  6 goblins
  5 hobgoblins
  2 jackals (D:2)
  7 kobolds
  5 bats (D:1)
  3 giant geckos
  3 giant newts
  10 rats
48 creatures vanquished.

Notes
Turn   | Place    | Note
--------------------------------------------------------------
     0 | D:1      | sqallbeste, the Halfling Fighter, began the quest for the Orb.
     0 | D:1      | Reached XP level 1. HP: 15/15 MP: 1/1
   223 | D:1      | Reached XP level 2. HP: 20/20 MP: 2/2
   481 | D:1      | Reached skill level 1 in Dodging
   688 | D:1      | Reached skill level 4 in Short Blades
   688 | D:1      | Reached XP level 3. HP: 25/25 MP: 3/3
  1250 | D:2      | Reached skill level 5 in Short Blades
  1250 | D:2      | Reached XP level 4. HP: 25/30 MP: 4/4
  1528 | D:2      | Noticed a moth of wrath
  1529 | D:2      | Found a bloodstained altar of Trog.
  1564 | D:2      | Became a worshipper of Trog the Wrathful
  1662 | D:2      | Succumbed to an adder's poison

Action                   |  1- 3 |  4- 6 || total
-------------------------+-------+-------++-------
Melee: Rapier            |   150 |    45 ||   195
  Use: Potion            |     5 |       ||     5
       Scroll            |     5 |       ||     5
  Eat: Bread ration      |     1 |       ||     1
